AoeStats
← paikujanlp

Arabia

509814005Analyzed
1v1 RM · 5d ago on Sep 28, 2026· 35m 5s· 2 players
Game mode
Random Map
Map size
Tiny (2 player)
Population
200
Speed
Normal
Resources
Standard
Victory
Conquest
Starting age
Dark Age
Ending age
Imperial Age
RankedLock teamsTeams togetherTeam positionsShared explorationLock speedFull tech treeHidden civsTurbo modeCheats
Victory
Defeat
🇨🇴 Berbers · Colombia
1023
+16
🇦🇷 Franks · Argentina
1025
-16
Davidcrit
0:26 Loom
10:28 Feudal Age
13:58 Scale Barding Armor
14:07 Horse Collar
14:46 Bloodlines
20:10 Fletching
21:56 Padded Archer Armor
22:35 Double-Bit Axe
28:17 Castle Age
27:36 Forging
28:47 Scale Mail Armor
29:02 Husbandry
30:21 Iron Casting
paikujanlp
7:26 Loom
10:27 Feudal Age
10:51 Man-at-Arms
14:26 Double-Bit Axe
22:08 Castle Age
21:42 Forging
21:45 Scale Barding Armor
29:45 Pikeman
Connection lost

Rejoining the realm…

Still unreachable

The connection could not be restored.

Session expired

The server has moved on; the page needs a fresh start.